 Dungeon Sprint DCSS version 0.31.0-32-g396128a36d (webtiles) character file.

Game seed: 2064996070779985208

25 Groucho the Sneak (level 3, -10/28 HPs)
             Began as a Naga Enchanter on Mar 22, 2024.
             Mangled by an ogre
             ... wielding a +0 giant club
              (23 damage)
             ... in the Dungeon (Sprint I: "Red Sonja").
             The game lasted 00:01:04 (281 turns).

Groucho the Sneak (Naga Enchanter)                   Turns: 281, Time: 00:01:04

Health: -10/28     AC:  2    Str: 10    XL:     3   Next: 4%
Magic:  7/7        EV: 10    Int: 15    God:
Gold:   0          SH:  0    Dex: 13    Spells: 5/8 levels left

rFire   . . .        a - +1 dagger
rCold   . . .        (no shield)
rNeg    . . .        b - +0 robe
rPois   +            (no helmet)
rElec   .            (no cloak)
rCorr   .            (no gloves)
SInv    +            (no barding)
Will    .....        (no amulet)
Stlth   ++++         (no ring)
HPRegen 0.24/turn    (no ring)
MPRegen 0.10/turn

%: no teleportation
@: very slow
A: AC +1, large, see invisible, deformed body, poison resistance, slowness 2,
spit poison 1, naga tail 1
a: Spit Poison


You were in the Dungeon.
You visited 1 branch

Inventory:

Hand Weapons
 a - a +1 dagger (weapon)
Armour
 b - a +0 robe (worn)
Wands
 e - a wand of mindburst (10)
Potions
 c - 2 potions of invisibility
 d - a potion of curing
 f - a potion of haste
 g - 2 potions of magic


   Skills:
 - Level 1.0 Short Blades
 - Level 1.5 Dodging
 * Level 7.7 Stealth
 + Level 3.2 Spellcasting
 + Level 4.1 Hexes


You had 5 spell levels left.
You knew the following spells:

 Your Spells              Type           Power      Damage    Failure   Level
a - Tukima's Dance        Hex            14%        N/A       11%         3

Your spell library contained the following spells:

 Spells                   Type           Power      Damage    Failure   Level
 Confusing Touch          Hex            14%        N/A       11%         3
 Ensorcelled Hibernation  Hex/Ice        16%        N/A       13%         2
 Dazzling Flash           Conj/Hex       16%        N/A       26%         3


Dungeon Overview and Level Annotations

Branches:
Dungeon (1/1)

Altars:


Innate Abilities, Weirdness & Mutations

Your serpentine skin is tough. (AC +1)
You have supernaturally acute eyesight. (SInv)
Armour fits poorly on your strangely shaped body.
Your system is resistant to poisons. (rPois)
You cover ground very slowly.
You can spit poison.
You have a snake-like lower body.


Message History

HP restored.
You start waiting.
You start waiting.
Done waiting.
e - a wand of mindburst (10)
There is an open door, spattered with blood here.
Things that are here:
a +0 club; a +0 leather armour; the goblin skeleton of Ijyb As you open the door, it creaks loudly!
You hear a shout!
An ogre comes into view. It is wielding a +0 giant club.
Okay, then.
The ogre attacks as it pursues you! The ogre barely misses you.
There is an open door, spattered with blood here.
Things that are here:
a +0 club; a +0 leather armour; the goblin skeleton of Ijyb Blink to where?
Press: ? - help, Dir - move target
As you read the scroll of blinking, it crumbles to dust.
This spell is quite dangerous to cast!
You start memorising the spell.
You continue memorising. x3
You finish memorising.
Spell assigned to 'a'.
Unknown command.
Unknown command.
Unknown command.
Casting: Tukima's Dance (quite dangerous; 11% risk of failure)
Confirm with . or Enter, or press ? or * to list all spells.
Okay, then.
Casting: Tukima's Dance (quite dangerous; 11% risk of failure)
Confirm with . or Enter, or press ? or * to list all spells.
Okay, then.
The ogre closely misses you.
You hit the ogre.
The ogre is lightly wounded.
The ogre hits you with a +0 giant club!
Ouch! That really hurt!
You hit the ogre.
The ogre is lightly wounded.
The ogre hits you with a +0 giant club!!
Ouch! That really hurt!
You die...

##########
#<.#..'..#
#..)..#
#..####
#..# #.O#
#.@# #⌠⌠#
####


You could see an ogre.

Vanquished Creatures
  Ijyb (D)
1 creature vanquished.

Notes
Turn   | Place    | Note
-------+----------+-------------------------------------------
     0 | D        | Groucho the Naga Enchanter began the quest for the Orb.
     0 | D        | Reached XP level 1. HP: 15/15 MP: 3/3
     2 | D        | Noticed Ijyb
    13 | D        | Killed Ijyb
    14 | D        | Reached skill level 7 in Stealth
    14 | D        | Reached XP level 2. HP: 14/22 MP: 4/6
    14 | D        | Reached XP level 3. HP: 18/28 MP: 4/7
   271 | D        | Noticed an ogre
   279 | D        | Learned a level 3 spell: Tukima's Dance
   281 | D        | Mangled by an ogre

Illustrated notes

Levels and vault maps discovered:
D:        dungeon_sprint_1 [red_sonja_temple_1, red_sonja_temple_small_1]

Skill      XL: |  1 |
---------------+----+-----
Stealth        | 7 |  7.7
Spellcasting   | 3 |  3.2
Hexes          | 4 |  4.1
Short Blades   | |  1.0
Dodging        | |  1.5

Action                     || total
---------------------------++-------
  Melee: Dagger            ||     8
    Use: Potion            ||     2
         Scroll            ||     1
 Armour: Robe              ||     6
  Dodge: Dodged            ||     4
